 Dungeon Crawl Stone Soup version 0.32-a0-898-g7811c86cf0 (webtiles) character file.

Game seed: 8764876728999165508

141 pazhot the Chopper (level 5, -5/46 HPs)
             Began as a Mountain Dwarf Fighter on Apr 4, 2024.
             Slain by a black bear (6 damage)
             ... on level 4 of the Dungeon.
             The game lasted 00:06:36 (3398 turns).

pazhot the Chopper (Mountain Dwarf Fighter)         Turns: 3398, Time: 00:06:39

Health: -5/46      AC: 15    Str: 20    XL:     5   Next: 3%
Magic:  5/5        EV:  4    Int:  7    God:
Gold:   135        SH:  8    Dex: 13    Spells: 4/4 levels left

rFire   . . .        a - +0 war axe
rCold   . . .        c - +0 buckler
rNeg    . . .        h - +0 plate armour
rPois   +            (no helmet)
rElec   .            b - +2 cloak {Stlth+}
rCorr   .            (no gloves)
SInv    .            (no boots)
Will    .....        (no amulet) Stlth
                     j - ring of poison resistance
HPRegen 0.27/turn    (no ring)
MPRegen 0.09/turn

%: no passive effects
@: no status effects
A: runic magic, artefact enchanting, large bone plates 1, agile 1
a: no special abilities


You were on level 4 of the Dungeon.
You visited 1 branch of the dungeon, and saw 4 of its levels.

You collected 135 gold pieces.

Inventory:

Hand Weapons
 a - a +0 war axe (weapon)
 d - the +1 eveningstar "Brilliance" {foul flame, Umbra}
   (You found it on level 2 of the Dungeon)

   Umbra:     It surrounds you with an aura of shadow, increasing your stealth
   and reducing the accuracy of all others within it.
Missiles
 m - 5 curare-tipped darts (quivered)
Armour
 b - a +2 cloak of stealth (worn)
 c - a +0 buckler (worn)
 h - a +0 plate armour (worn)
Jewellery
 j - a ring of poison resistance (left hand)
Scrolls
 g - 2 scrolls of immolation
 i - 2 scrolls of amnesia
 k - 3 scrolls of identify
Potions
 e - a potion of haste
 f - 3 potions of enlightenment
 l - 2 potions of lignification


   Skills:
 + Level 3.9 Fighting
 + Level 4.5 Axes
 + Level 4.2 Armour
 + Level 0.3 Dodging
 + Level 3.7 Shields


You had 4 spell levels left.
You didn't know any spells.
Your spell library contained the following spells:

 Spells                   Type           Power      Damage    Failure   Level
 Kiss of Death            Conj/Necr      0%         2d5       78%         1
 Confusing Touch          Hex            0%         N/A       98%         3
 Fugue of the Fallen      Necr           0%         N/A       98%         3
 Ozocubu's Armour         Ice            0%         N/A       98%         3
 Dispel Undead            Necr           0%         3d6       100%        4
 Manifold Assault         Tloc           0%         N/A       100%        7


Dungeon Overview and Level Annotations

Branches:
Dungeon (4/15)
 Temple: D:4-7

Altars:

Shops:
D:3 (


Innate Abilities, Weirdness & Mutations

Your spellcasting is much less encumbered by armour.
You can use scrolls of enchantment on lesser artefacts.
You are partially covered in large bone plates. (SH +4)
You are agile. (Dex +4, Str/Int -1)


Message History

The black bear bites you but does no damage.
The black bear claws you but does no damage.
You block the black bear's attack. The hound barely misses you.
You barely miss the black bear.
The black bear is heavily wounded.
You slash the hound! You block the hound's attack. The black bear bites you.
The black bear claws you but does no damage. x2
You block the hound's attack. The black bear bites you.
The black bear claws you but does no damage. x2
You hit the black bear.
The black bear is severely wounded.
You closely miss the hound. The hound bites you but does no damage.
The black bear goes berserk!
The hound barely misses you.
Unknown command.
You hit the black bear.
The black bear is almost dead.
You closely miss the hound. The black bear bites you!
The black bear claws you but does no damage.
You block the black bear's attack. You block the hound's attack.
The black bear bites you but does no damage.
The black bear claws you but does no damage.
The black bear barely misses you. The hound bites you.
You barely miss the black bear.
The black bear is almost dead.
You closely miss the hound. The black bear bites you!
The black bear claws you but does no damage.
The black bear barely misses you. You block the hound's attack.
The black bear bites you!
* * * LOW HITPOINT WARNING * * *
The black bear claws you.
* * * LOW HITPOINT WARNING * * *
You block the black bear's attack. The hound bites you.
* * * LOW HITPOINT WARNING * * *
You barely miss the black bear.
The black bear is almost dead.
You closely miss the hound. The hound bites you but does no damage.
You block the black bear's attack. The black bear claws you.
* * * LOW HITPOINT WARNING * * *
You block the black bear's attack. The black bear bites you.
You die...

......#.......
.....##...............#
......................#.
............#..........$
............##..(......
##...........#.......#
..........#...#......##
#........##....hh)....#
.........##..#..@.....#
##...(....##.##.†..#....
##...#..###...#..## .
#...###.# #...#.## ##..
##.# ##.....#.##
#####..###...........
#.....#...##......
###.....### .......
#.#..## ##.....


You could see a black bear (berserk) and a hound.

Vanquished Creatures
  Crazy Yiuf (D:2)
  4 adders
  3 ribbon worms
  2 dart slugs
  5 orcs
  3 endoplasms
  A giant cockroach (D:2)
  3 goblins (D:2)
  5 hobgoblins
  3 jackals (D:2)
  2 quokkas
  6 ball pythons
  5 bats
  5 frilled lizards
  9 kobolds
  6 rats
63 creatures vanquished.

Notes
Turn   | Place    | Note
-------+----------+-------------------------------------------
     0 | D:1      | pazhot the Mountain Dwarf Fighter began the quest for the
                  | Orb.
     0 | D:1      | Reached XP level 1. HP: 19/19 MP: 1/1
    58 | D:1      | Found a faded altar of an unknown god.
   222 | D:1      | Found Nuuthom's Antique Armour Shoppe.
   624 | D:1      | Reached XP level 2. HP: 26/26 MP: 2/2
   649 | D:1      | Gained mutation: You are agile. (Dex +4, Str/Int -1)
                  | [potion of mutation]
   649 | D:1      | Gained mutation: You are partially covered in large bone
                  | plates. (SH +4) [potion of mutation]
   914 | D:2      | Found the +1 eveningstar "Brilliance" {foul flame, Umbra}
   924 | D:2      | Found a runed translucent door.
   925 | D:2      | Noticed Crazy Yiuf
  1049 | D:2      | Reached XP level 3. HP: 30/31 MP: 3/3
  1311 | D:2      | Identified the +5 long sword "Fawkad" {elec, Str+5}
  1680 | D:2      | Reached XP level 4. HP: 40/40 MP: 4/4
  2166 | D:2      | Killed Crazy Yiuf
  2760 | D:3      | Found Kuogutim's Antique Weapon Shop.
  3344 | D:4      | Reached XP level 5. HP: 43/46 MP: 5/5
  3382 | D:4      | Noticed a black bear
  3398 | D:4      | HP: 1/46 [black bear (3)]
  3398 | D:4      | Slain by a black bear

Illustrated notes

Levels and vault maps discovered:
D:1:      matt_arrival_spirals, layout_basic,
          ebering_ecumenical_altar_abandoned, serial_shops, shop,
          dk_noncrumbling_4
D:2:      layout_basic, chequers_serial_rivers_large_a, nicolae_eternal_life,
          guppyfry_early_orc_mine, uniq_crazy_yiuf_cottage
D:3:      cheibrodos_old_hovel, layout_rooms, serial_shops,
          nicolae_shop_overgrown_old_shop
D:4:      layout_cave_pools, uniq_menkaure

Skill      XL: |  1  2  3  4 |
---------------+-------------+-----
Axes           | 3 4 |  4.5
Armour         | 4 |  4.2
Fighting       | |  3.9
Dodging        | |  0.3
Shields        | |  3.7

Action                     |  1- 3 |  4- 6 || total
---------------------------+-------+-------++-------
  Melee: War axe           |   112 |    66 ||   178
    Use: Scroll            |     4 |     2 ||     6
         Potion            |     3 |     2 ||     5
 Armour: Scale mail        |    71 |       ||    71
         Plate armour      |       |   103 ||   103
  Dodge: Dodged            |    37 |    18 ||    55
  Block: Buckler           |    48 |    53 ||   101

Table legend: (Time is in decaauts)
 A = Elapsed time spent in this place.
 B = Non-inter-level travel time spent in this place.
 C = Inter-level travel time spent in this place.
 D = Time resting spent in this place.
 E = Time spent auto-exploring this place.
 F = Levels seen in this place.
 G = Mean time per level.
                   A        B        C        D        E       F      G
               +--------+--------+--------+--------+--------+-----+--------+
         Total |   3473 |   3364 |    109 |    579 |   1843 |   4 |  868.2 |
       Dungeon |   3473 |   3364 |    109 |    579 |   1843 |   4 |  868.2 |
               +--------+--------+--------+--------+--------+-----+--------+

Top non-repeatable levels by time:
     D:2: 1426 daAuts
     D:3: 1058 daAuts
     D:1: 909 daAuts
     D:4: 78 daAuts
